 Dungeon Crawl Stone Soup version 0.29-a0-380-gf50f0a9fbc (webtiles) character file.

Game seed: 10784879944037264652

35 Antichthon the Skirmisher (level 3, 0/29 HPs)
             Began as a Formicid Abyssal Knight on May 5, 2022.
             Was a Believer of Lugonu.
             Frozen to death by an endoplasm (3 damage)
             ... on level 3 of the Dungeon.
             The game lasted 00:02:06 (1797 turns).

Antichthon the Skirmisher (Formicid Abyssal Knight) Turns: 1797, Time: 00:02:07

Health: 0/29       AC:  6    Str: 17    XL:     3   Next: 55%
Magic:  4/4        EV:  9    Int:  9    God:    Lugonu [**....]
Gold:   27         SH:  3    Dex: 13    Spells: 2/2 levels left

rFire   . . .      SeeInvis +   a - +1 mace
rCold   . . .      Faith    .   i - +0 buckler
rNeg    . . .      Spirit   .   m - +0 scale mail
rPois   .          Reflect  .   (helmet unavailable)
rElec   .          Harm     .   (no cloak)
rCorr   .          Rampage  .   (no gloves)
Will    .....                   (no boots)
Stlth   ..........              (no amulet)
HPRegen 0.09/turn               (no ring)
MPRegen 0.09/turn               (no ring)

@: no status effects
A: permanent stasis, dig shafts and tunnels, antennae 3, four strong arms
a: Dig, Shaft Self, Renounce Religion, Depart the Abyss, Bend Space


You were on level 3 of the Dungeon.
You worshipped Lugonu.
Lugonu was pleased with you.
You visited 1 branch of the dungeon, and saw 3 of its levels.
You visited the Abyss 1 time.

You collected 116 gold pieces.
You spent 89 gold pieces at shops.

Inventory:

Hand Weapons
 a - a +1 mace (weapon)
Armour
 i - a +0 buckler (worn)
 m - a +0 scale mail (worn)
Jewellery
 g - a +6 ring of intelligence
Scrolls
 b - a scroll of summoning {unknown}
 e - 2 scrolls of identify {unknown}
 f - a scroll of magic mapping {unknown}
 j - 2 scrolls of poison {unknown}
 l - 2 scrolls of teleportation {unknown}
 n - a scroll of blinking {unknown}
 o - a scroll of enchant armour {unknown}
 q - a scroll of vulnerability {unknown}
Potions
 c - a potion of resistance {unknown}
 d - a potion of heal wounds {unknown}
 h - a potion of curing {unknown}
 k - a potion of ambrosia {unknown}
 p - a potion of might {unknown}
 r - a potion of haste {unknown}


   Skills:
 - Level 3.2 Fighting
 - Level 2.0 Maces & Flails
 * Level 2.9 Crossbows
 - Level 2.1 Armour
 - Level 0.8 Dodging
 - Level 2.1 Invocations


You had 2 spell levels left.
You didn't know any spells.
Your spell library was empty.

Dungeon Overview and Level Annotations

Branches:
Dungeon (3/15)

Altars:

Shops:
D:3 *


Innate Abilities, Weirdness & Mutations

You cannot be hasted, slowed, berserked, paralysed or teleported.
You can dig through walls and to a lower floor.
You have a pair of large antennae on your head. (SInv)
Your four strong arms can wield two-handed weapons with a shield.


Message History

The endoplasm freezes you.
You are frozen.
There is an entrance to Gentafia's Assorted Antiques here.
e - 2 scrolls labelled NUMOOMM TALO (gained 1)
q - a scroll labelled NASUHA WUFYCAT;
r - a lumpy inky potion Thank you for shopping at Gentafia's Assorted Antiques!
There are monsters nearby!
The endoplasm freezes you.
You are frozen.
You hit the hound.
The hound is lightly wounded.
The hound bites you but does no damage. You block the hound's attack.
The endoplasm jiggles.
The endoplasm hits you but does no damage.
You hit the hound but do no damage.
The hound is lightly wounded.
You block the hound's attack. The endoplasm barely misses you.
You block the hound's attack.
You miss the hound.
The hound is lightly wounded.
The hound closely misses you. The endoplasm freezes you.
You are frozen.
The hound bites you. The endoplasm completely misses you.
You closely miss the hound.
The hound is lightly wounded.
The hound bites you. The hound completely misses you.
The endoplasm freezes you.
You are frozen.
You miss the hound.
The hound is lightly wounded.
The hound bites you. The endoplasm barely misses you. The hound bites you.
* * * LOW HITPOINT WARNING * * *
You hit the hound.
The hound is lightly wounded.
The hound bites you but does no damage. The endoplasm hits you.
* * * LOW HITPOINT WARNING * * *
The hound closely misses you. The endoplasm freezes you.
You are frozen.
You die...

#.# #.# #.#...
#.# #########
#.#..# #..
........# #.#..#
#.#.### ...$....#
#.#..# #.#.#
........###.#..#
#.#.#
.......8.8.8#..#
#.#.#
......h@⌠.⌠....#
#.#.#
####.#.8J∩.8[..#
#.#.#
#..⌠.⌠.#..###.#.#
#.8.8.8#........#
#......#..###.###
#......##.#
#.#####
#......##.#
#.#....
#########.#
#.#.### #.#
#.#.#..


You could see a hound and an endoplasm.

Vanquished Creatures
  2 dart slugs
  A bat (D:2)
  3 endoplasms
  3 giant cockroaches
  2 goblins
  3 hobgoblins
  3 quokkas (D:1)
  5 ball pythons
  2 kobolds (D:2)
  5 rats
29 creatures vanquished.

Notes
Turn   | Place    | Note
-------+----------+-------------------------------------------
     0 | Abyss:1  | Antichthon the Formicid Abyssal Knight began the quest for
                  | the Orb.
     0 | Abyss:1  | Reached XP level 1. HP: 18/18 MP: 2/2
    21 | D:1      | Escaped the Abyss
    43 | D:1      | Reached skill level 1 in Crossbows
    65 | D:1      | Reached XP level 2. HP: 24/24 MP: 3/3
   446 | D:1      | Found a faded altar of an unknown god.
   681 | D:1      | Reached XP level 3. HP: 29/29 MP: 4/4
  1785 | D:3      | Found Gentafia's Assorted Antiques.
  1790 | D:3      | Bought a scroll labelled NUMOOMM TALO for 31 gold pieces
  1790 | D:3      | Bought a scroll labelled NASUHA WUFYCAT for 31 gold pieces
  1790 | D:3      | Bought a lumpy inky potion for 27 gold pieces
  1797 | D:3      | Frozen to death by an endoplasm

Illustrated notes

Levels and vault maps discovered:
D:1:      erik_arrival_cave_to_civilisation [erik_arrival_cave_to_hall],
          layout_basic, basic_ecumenical_altar
D:2:      layout_loops_ring, nicolae_elevator_lobby_plus
D:3:      layout_basic, nicolae_gozag_seed_capital, serial_shops,
          nicolae_shop_temple_entry_statues_fountains

Skill      XL: |  1  2 |
---------------+-------+-----
Crossbows      | 1 2 |  2.9
Fighting       | |  3.2
Maces & Flails | |  2.0
Armour         | |  2.1
Dodging        | |  0.8
Invocations    | |  2.1

Action                   || total
-------------------------++-------
Melee: Mace              ||    76
Armor: Leather armour    ||    10
       Scale mail        ||    23
Dodge: Dodged            ||    42
Block: Buckler           ||    11

Table legend: (Time is in decaauts)
 A = Elapsed time spent in this place.
 B = Non-inter-level travel time spent in this place.
 C = Inter-level travel time spent in this place.
 D = Time resting spent in this place.
 E = Time spent auto-exploring this place.
 F = Levels seen in this place.
 G = Mean time per level.
                   A        B        C        D        E       F      G
               +--------+--------+--------+--------+--------+-----+--------+
         Total |   1820 |   1795 |     25 |      0 |   1442 |   4 |  455.0 |
       Dungeon |   1799 |   1774 |     25 |      0 |   1425 |   3 |  599.7 |
         Abyss |     21 |     21 |      0 |      0 |     17 |   1 |   21.0 |
               +--------+--------+--------+--------+--------+-----+--------+

Top non-repeatable levels by time:
     D:2: 946 daAuts
     D:1: 691 daAuts
     D:3: 162 daAuts
 Abyss:1: 21 daAuts
